PBL
COLORADO AVALANCHE @ CALGARY FLAMES
06/13/2048
 
TOP OF THE 1ST
Colorado Avalanche batting - Pitching for Calgary Flames : RHP Nick Munk
Pitching: RHP Nick Munk
Batting: RHB Xavier Williams 0-0: Ball
1-0: Swinging Strike
1-1: Called Strike
1-2: Strikes out swinging
Batting: RHB Eric Delgado 0-0: Foul Ball, location: 2F
0-1: Foul Ball, location: 2F
0-2: Ball
1-2: Foul Ball, location: 2F
1-2: Foul Ball, location: 2F
1-2: Ball
2-2: Foul Ball, location: 2F
2-2: Ball
3-2: Foul Ball, location: 2F
3-2: Ground out 6-3 (Groundball, 56, EV 84.4 MPH)
Batting: RHB Chris Tatum 0-0: Called Strike
0-1: Called Strike
0-2: Ball
1-2: Foul Ball, location: 2F
1-2: Ball
2-2: Ball
3-2: DOUBLE (Flyball, 89D, EV 100.0 MPH)
Batting: RHB Keith Giarratano 0-0: Ball
1-0: Foul Ball, location: 2F
1-1: Ball
2-1: Foul Ball, location: 2F
2-2: Ball
3-2: Foul Ball, location: 2F
3-2: Ground out 6-3 (Groundball, 6M, EV 82.5 MPH)
Top of the 1st over - 0 runs, 1 hit, 0 errors, 1 left on base; Colorado 0 - Calgary 0
BOTTOM OF THE 1ST
Calgary Flames batting - Pitching for Colorado Avalanche : RHP Diego Arredondo
Pitching: RHP Diego Arredondo
Batting: LHB Garrett Dodge 0-0: Ball
1-0: Ball
2-0: Ball
3-0: Called Strike
3-1: Base on Balls
Batting: RHB Andre Thompson 0-0: Ball
1-0: Fielders Choice at 2nd, 5-4 (Groundball, 56S, EV 81.9 MPH)
Batting: LHB Ben Landry 0-0: Called Strike
0-1: Swinging Strike
0-2: Ball
1-2: Ball
2-2: Strikes out swinging
Batting: LHB Gary Corrales 0-0: Ball
1-0: Fly out, F9 (Flyball, 89S, EV 85.6 MPH)
Bottom of the 1st over - 0 runs, 0 hits, 0 errors, 1 left on base; Colorado 0 - Calgary 0
TOP OF THE 2ND
Colorado Avalanche batting - Pitching for Calgary Flames : RHP Nick Munk
Batting: LHB Rich Rauda 0-0: Ball
1-0: Called Strike
1-1: Fly out, F9 (Flyball, 9S, EV 90.0 MPH)
Batting: LHB Javy Rueda 0-0: Called Strike
0-1: Called Strike
0-2: Ball
1-2: SOLO HOME RUN (Flyball, 9D, EV 97.5 MPH), Distance : 373 ft
Batting: LHB Brian Canny 0-0: Called Strike
0-1: Ball
1-1: Swinging Strike
1-2: Strikes out looking
Batting: RHB Mike Chiquete 0-0: Called Strike
0-1: Foul Ball, location: 2F
0-2: Strikes out swinging
Top of the 2nd over - 1 run, 1 hit, 0 errors, 0 left on base; Colorado 1 - Calgary 0
BOTTOM OF THE 2ND
Calgary Flames batting - Pitching for Colorado Avalanche : RHP Diego Arredondo
Batting: RHB Juan Mercado 0-0: Ball
1-0: Ball
2-0: Foul Ball, location: 2F
2-1: Foul Ball, location: 2F
2-2: Fly out, F9 (Flyball, 9, EV 76.9 MPH)
Batting: RHB Tyler Johnson 0-0: Ground out 6-3 (Groundball, 6S, EV 79.4 MPH)
Batting: RHB Antonio Martinez 0-0: Swinging Strike
0-1: Fly out, F7 (Flyball, 7S, EV 87.5 MPH)
Bottom of the 2nd over - 0 runs, 0 hits, 0 errors, 0 left on base; Colorado 1 - Calgary 0
TOP OF THE 3RD
Colorado Avalanche batting - Pitching for Calgary Flames : RHP Nick Munk
Batting: RHB Jack Stadner 0-0: Called Strike
0-1: Ball
1-1: Foul Ball, location: 2F
1-2: Strikes out swinging
Batting: RHB Xavier Williams 0-0: Ground out 4-3 (Groundball, 4, EV 93.8 MPH)
Batting: RHB Eric Delgado 0-0: Called Strike
0-1: Called Strike
0-2: Ball
1-2: Foul Ball, location: 2F
1-2: Foul Ball, location: 2F
1-2: Ball
2-2: Strikes out swinging
Top of the 3rd over - 0 runs, 0 hits, 0 errors, 0 left on base; Colorado 1 - Calgary 0
BOTTOM OF THE 3RD
Calgary Flames batting - Pitching for Colorado Avalanche : RHP Diego Arredondo
Batting: RHB Rod Johnson 0-0: Ball
1-0: Ball
2-0: Called Strike
2-1: Called Strike
2-2: SINGLE (Groundball, 56D, EV 105.0 MPH)
Batting: RHB Pablo Henriquez 0-0: Called Strike
0-1: Swinging Strike
0-2: Ball
1-2: Strikes out swinging
Batting: LHB Garrett Dodge 0-0: Called Strike
0-1: Swinging Strike
0-2: Ball
1-2: Foul Ball, location: 2F
1-2: Strikes out swinging
Batting: RHB Andre Thompson 0-0: Ball
1-0: Fly out, F8 (Line Drive, 8LD, EV 103.8 MPH)
Bottom of the 3rd over - 0 runs, 1 hit, 0 errors, 1 left on base; Colorado 1 - Calgary 0
TOP OF THE 4TH
Colorado Avalanche batting - Pitching for Calgary Flames : RHP Nick Munk
Batting: RHB Chris Tatum 0-0: Ball
1-0: Ball
2-0: Ball
3-0: Called Strike
3-1: Called Strike
3-2: Ground out 5-3 (Groundball, 56, EV 98.8 MPH)
Batting: RHB Keith Giarratano 0-0: Ball
1-0: Swinging Strike
1-1: Ball
2-1: Ball
3-1: Base on Balls
Batting: LHB Rich Rauda 0-0: Foul Ball, location: 2F
0-1: Ball
1-1: Called Strike
1-2: Foul Ball, location: 2F
1-2: Strikes out swinging
Batting: LHB Javy Rueda 0-0: Called Strike
0-1: 2-RUN HOME RUN (Flyball, 9LD, EV 92.5 MPH), Distance : 352 ft
Batting: LHB Brian Canny 0-0: Called Strike
0-1: SINGLE (Groundball, 4S, EV 91.2 MPH) (infield hit)
Batting: RHB Mike Chiquete 0-0: Ball
1-0: Ball
Brian Canny steals 2nd base
2-0: Ball
3-0: Fly out, F8 (Flyball, 8LD, EV 104.4 MPH)
Top of the 4th over - 2 runs, 2 hits, 0 errors, 1 left on base; Colorado 3 - Calgary 0
BOTTOM OF THE 4TH
Calgary Flames batting - Pitching for Colorado Avalanche : RHP Diego Arredondo
Batting: LHB Ben Landry 0-0: Ball
1-0: Called Strike
1-1: Foul Ball, location: 2F
1-2: Ball
2-2: Ball
3-2: Foul Ball, location: 2F
3-2: SINGLE (Groundball, 4M, EV 83.1 MPH) (infield hit)
Batting: LHB Gary Corrales 0-0: Ball
1-0: Foul Ball, location: 2F
1-1: 2-RUN HOME RUN (Flyball, 9D, EV 98.8 MPH), Distance : 373 ft
Batting: RHB Juan Mercado 0-0: Called Strike
0-1: Called Strike
0-2: Ball
1-2: Foul Ball, location: 2F
1-2: Ball
2-2: Strikes out swinging
Batting: RHB Tyler Johnson 0-0: Swinging Strike
0-1: Ball
1-1: Foul Ball, location: 2F
1-2: Strikes out swinging
Batting: RHB Antonio Martinez 0-0: SINGLE (Line Drive, 56D, EV 96.9 MPH)
Batting: RHB Rod Johnson 0-0: Called Strike
0-1: Fielders Choice at 2nd, 6-4 (Groundball, 6, EV 91.2 MPH)
Bottom of the 4th over - 2 runs, 3 hits, 0 errors, 1 left on base; Colorado 3 - Calgary 2
TOP OF THE 5TH
Colorado Avalanche batting - Pitching for Calgary Flames : RHP Nick Munk
Batting: RHB Jack Stadner 0-0: Ball
1-0: Foul Ball, location: 2F
1-1: Ball
2-1: Foul Ball, location: 2F
2-2: Strikes out swinging
Batting: RHB Xavier Williams 0-0: Ball
1-0: Foul Ball, location: 2F
1-1: Swinging Strike
1-2: SINGLE (Groundball, 34D, EV 98.1 MPH)
Batting: RHB Eric Delgado 0-0: Ball
1-0: Called Strike
1-1: Ball
2-1: SINGLE (Groundball, 6MD, EV 99.4 MPH)
Xavier Williams to second
Batting: RHB Chris Tatum 0-0: Ball
1-0: Foul Ball, location: 2F
1-1: Ball
2-1: Foul Ball, location: 2F
2-2: Fielders Choice at 2nd, 3-6 (Groundball, 34S, EV 83.1 MPH)
Xavier Williams to third
Batting: RHB Keith Giarratano 0-0: Ball
1-0: Foul Ball, location: 2F
1-1: Ball
2-1: Swinging Strike
2-2: Ball
3-2: SINGLE (Line Drive, 78M, EV 109.4 MPH)
Xavier Williams scores
Chris Tatum to second
Chris Tatum to third
Batting: LHB Rich Rauda 0-0: Foul Ball, location: 2F
0-1: Ball
Wild Pitch!
Chris Tatum scores
Keith Giarratano to second
1-1: Ball
2-1: Foul Ball, location: 2F
2-2: Ground out 4-3 (Groundball, 4, EV 85.0 MPH)
Top of the 5th over - 2 runs, 3 hits, 0 errors, 1 left on base; Colorado 5 - Calgary 2
BOTTOM OF THE 5TH
Calgary Flames batting - Pitching for Colorado Avalanche : RHP Diego Arredondo
Pitching: RHP Bryce Hickman
Batting: RHB Pablo Henriquez 0-0: Ball
1-0: Ball
2-0: TRIPLE (Line Drive, 78XD, EV 109.4 MPH)
Batting: LHB Garrett Dodge 0-0: Called Strike
0-1: Ball
1-1: Ball
2-1: Fly out, F8 (Line Drive, 8RD, EV 93.1 MPH)
Runner from 3rd tags up, SCORES, throw by CF
Batting: RHB Andre Thompson 0-0: Foul Ball, location: 2F
0-1: Fly out, F9 (Line Drive, 9, EV 91.2 MPH)
Batting: LHB Ben Landry 0-0: Foul Ball, location: 2F
0-1: Foul Ball, location: 2F
0-2: Ball
1-2: Foul Ball, location: 2F
1-2: Ball
2-2: Fly out, F9 (Flyball, 9S, EV 74.4 MPH)
Bottom of the 5th over - 1 run, 1 hit, 0 errors, 0 left on base; Colorado 5 - Calgary 3
TOP OF THE 6TH
Colorado Avalanche batting - Pitching for Calgary Flames : RHP Nick Munk
Pitching: RHP Phil Rankin
Batting: LHB Javy Rueda 0-0: Ball
1-0: Foul Ball, location: 2F
1-1: Foul Ball, location: 2F
1-2: Strikes out looking
Batting: LHB Brian Canny 0-0: Called Strike
0-1: Ball
1-1: Called Strike
1-2: Ball
2-2: SINGLE (Groundball, 4MD, EV 97.5 MPH)
Batting: RHB Mike Chiquete 0-0: Ball
1-0: Fly out, F8 (Line Drive, 8RD, EV 90.6 MPH)
Batting: RHB Jack Stadner 0-0: Ball
1-0: SINGLE (Flyball, 5D, EV 94.4 MPH)
Brian Canny to second
Batting: RHB Xavier Williams 0-0: Foul Ball, location: 2F
0-1: Ball
1-1: Ball
2-1: Foul Ball, location: 2F
2-2: Ground out 4-3 (Groundball, 4, EV 98.8 MPH)
Top of the 6th over - 0 runs, 2 hits, 0 errors, 2 left on base; Colorado 5 - Calgary 3
BOTTOM OF THE 6TH
Calgary Flames batting - Pitching for Colorado Avalanche : RHP Bryce Hickman
Batting: LHB Gary Corrales 0-0: Ball
1-0: Ball
2-0: Swinging Strike
2-1: Ball
3-1: Base on Balls
Batting: RHB Norinaga Yamakawakamatsu 0-0: Foul Ball, location: 2F
0-1: Ground out 5-3 (Groundball, 5L, EV 87.5 MPH)
Gary Corrales to second
Batting: RHB Tyler Johnson 0-0: Ball
1-0: Ball
2-0: Called Strike
2-1: Fly out, F9 (Flyball, 9, EV 89.4 MPH)
Batting: RHB Antonio Martinez 0-0: Ball
1-0: Foul Ball, location: 2F
1-1: Reached on error, E5 (Groundball, 56, EV 85.0 MPH)
Gary Corrales scores
Batting: RHB Rod Johnson 0-0: Foul Ball, location: 2F
0-1: Ball
1-1: Called Strike
1-2: Ball
2-2: Foul Ball, location: 2F
2-2: Foul Ball, location: 2F
2-2: Foul Ball, location: 2F
2-2: Ground out 5-3 (Groundball, 25, EV 89.4 MPH)
Bottom of the 6th over - 1 run, 0 hits, 1 error, 1 left on base; Colorado 5 - Calgary 4
TOP OF THE 7TH
Colorado Avalanche batting - Pitching for Calgary Flames : RHP Phil Rankin
Batting: RHB Eric Delgado 0-0: Ball
1-0: Ball
2-0: Ball
3-0: Called Strike
3-1: Called Strike
3-2: SINGLE (Groundball, 6MD, EV 98.1 MPH)
Batting: RHB Chris Tatum 0-0: Called Strike
Eric Delgado steals 2nd base
0-1: Ball
1-1: Swinging Strike
1-2: Ball
2-2: Foul Ball, location: 2F
2-2: Ball
3-2: Foul Ball, location: 2F
3-2: Ground out U3 (Groundball, 13, EV 88.1 MPH)
Eric Delgado to third
Batting: RHB Keith Giarratano 0-0: Swinging Strike
0-1: Foul Ball, location: 2F
0-2: Ball
1-2: Ball
2-2: SINGLE (Groundball, 34, EV 103.8 MPH)
Eric Delgado scores
Pitching: LHP Randy Latendresse
Batting: LHB Rich Rauda 0-0: Ball
1-0: Swinging Strike
1-1: Ball
2-1: Swinging Strike
2-2: Fly out, F9 (Line Drive, 9, EV 93.8 MPH)
Batting: LHB Javy Rueda 0-0: Called Strike
0-1: Ball
1-1: Ball
2-1: Foul Ball, location: 2F
2-2: Strikes out swinging
Top of the 7th over - 1 run, 2 hits, 0 errors, 1 left on base; Colorado 6 - Calgary 4
BOTTOM OF THE 7TH
Calgary Flames batting - Pitching for Colorado Avalanche : RHP Bryce Hickman
Batting: RHB Pablo Henriquez 0-0: Ball
1-0: Swinging Strike
1-1: Swinging Strike
1-2: Strikes out swinging
Batting: LHB Garrett Dodge 0-0: Called Strike
0-1: Ball
1-1: Swinging Strike
1-2: Foul Ball, location: 2F
1-2: Ball
2-2: Foul Ball, location: 2F
2-2: Ball
3-2: Base on Balls
Batting: RHB Andre Thompson 0-0: Ball
1-0: Foul Ball, location: 2F
1-1: Ball
2-1: Ball
3-1: Base on Balls
Garrett Dodge to second
Batting: LHB Ben Landry 0-0: Ball
1-0: Ball
2-0: Swinging Strike
2-1: SINGLE (Flyball, 8LS, EV 90.6 MPH)
Garrett Dodge to third
Andre Thompson to second
Throwing error, E8
Garrett Dodge scores
Andre Thompson to third
Ben Landry to second
Batting: LHB Gary Corrales 0-0: SINGLE (Flyball, 8LS, EV 96.2 MPH)
Andre Thompson scores
Ben Landry to third
Runner from 3rd tries for Home, SAFE, throw by CF to home
Batting: RHB Norinaga Yamakawakamatsu 0-0: Ball
1-0: Ball
2-0: Swinging Strike
2-1: Ball
3-1: SINGLE (Groundball, 34S, EV 65.6 MPH) (infield hit)
Gary Corrales to second
Pitching: RHP Joan Coucieiro
Batting: RHB Tyler Johnson 0-0: Called Strike
0-1: Ball
1-1: Ball
2-1: Fly out, F9 (Flyball, 89M, EV 81.9 MPH)
Batting: RHB Antonio Martinez 0-0: Ball
1-0: Swinging Strike
1-1: Foul Ball, location: 2F
1-2: Fly out, F8 (Flyball, 8RD, EV 95.0 MPH)
Bottom of the 7th over - 3 runs, 3 hits, 1 error, 2 left on base; Colorado 6 - Calgary 7
TOP OF THE 8TH
Colorado Avalanche batting - Pitching for Calgary Flames : LHP Randy Latendresse
Batting: LHB Brian Canny 0-0: Ball
1-0: SOLO HOME RUN (Flyball, 7LD, EV 93.8 MPH), Distance : 364 ft
Batting: RHB Mike Chiquete 0-0: Foul Ball, location: 2F
0-1: Foul Ball, location: 2F
0-2: Foul Ball, location: 2F
0-2: Ball
1-2: Ball
2-2: Ball
3-2: Fly out, F9 (Flyball, 9, EV 94.4 MPH)
Batting: RHB Jack Stadner 0-0: Ball
1-0: Called Strike
1-1: Swinging Strike
1-2: Strikes out swinging
Batting: RHB Xavier Williams 0-0: Called Strike
0-1: Foul Ball, location: 2F
0-2: Ball
1-2: Ball
2-2: Strikes out looking
Top of the 8th over - 1 run, 1 hit, 0 errors, 0 left on base; Colorado 7 - Calgary 7
BOTTOM OF THE 8TH
Calgary Flames batting - Pitching for Colorado Avalanche : RHP Joan Coucieiro
Pinch Hitting: RHB Ahmed Elezi 0-0: Ball
1-0: Ground out 5-3 (Groundball, 56S, EV 90.0 MPH)
Batting: RHB Pablo Henriquez 0-0: Ball
1-0: Swinging Strike
1-1: Fly out, F8 (Line Drive, 8LM, EV 85.6 MPH)
Batting: LHB Garrett Dodge 0-0: Called Strike
0-1: Ball
1-1: Ball
2-1: Foul Ball, location: 2F
2-2: Ball
3-2: Base on Balls
Batting: RHB Andre Thompson 0-0: Ball
Garrett Dodge steals 2nd, throwing error, E2
Garrett Dodge to third
1-0: Called Strike
1-1: Ball
2-1: Ball
3-1: Base on Balls
Batting: LHB Ben Landry 0-0: Called Strike
0-1: Ball
1-1: Ball
2-1: Fly out, F9 (Flyball, 9S, EV 93.1 MPH)
Bottom of the 8th over - 0 runs, 0 hits, 1 error, 2 left on base; Colorado 7 - Calgary 7
TOP OF THE 9TH
Colorado Avalanche batting - Pitching for Calgary Flames : LHP Randy Latendresse
Now at C: Chad Stady
Batting: RHB Eric Delgado 0-0: Foul Ball, location: 2F
0-1: Ball
1-1: Ball
2-1: Ball
3-1: Base on Balls
Batting: RHB Chris Tatum 0-0: Ball
1-0: Ball
2-0: Ball
3-0: Called Strike
3-1: Swinging Strike
3-2: Fly out, F7 (Flyball, 78S, EV 79.4 MPH)
Pitching: RHP Dylan Aceituno
Batting: RHB Keith Giarratano 0-0: Ball
Eric Delgado steals 2nd base
1-0: Ball
2-0: Ground out 3-1 (Groundball, 34, EV 82.5 MPH)
Eric Delgado to third
Batting: LHB Rich Rauda 0-0: Called Strike
0-1: Ball
1-1: SINGLE (Line Drive, 4D, EV 110.0 MPH)
Eric Delgado scores
Batting: LHB Javy Rueda 0-0: Called Strike
Rich Rauda is caught stealing 2nd base 2-6
Top of the 9th over - 1 run, 1 hit, 0 errors, 0 left on base; Colorado 8 - Calgary 7
BOTTOM OF THE 9TH
Calgary Flames batting - Pitching for Colorado Avalanche : RHP Joan Coucieiro
Batting: LHB Gary Corrales 0-0: Called Strike
0-1: Foul Ball, location: 2F
0-2: Ball
1-2: SOLO HOME RUN (Flyball, 7LD, EV 99.4 MPH), Distance : 378 ft
Batting: RHB Norinaga Yamakawakamatsu 0-0: Ball
1-0: Ball
2-0: Called Strike
2-1: Ball
3-1: Base on Balls
Batting: RHB Tyler Johnson 0-0: Ball
1-0: Ball
Wild Pitch!
Norinaga Yamakawakamatsu to second
2-0: Intentional Walk
Batting: RHB Antonio Martinez 0-0: SINGLE (Line Drive, 8LS, EV 107.5 MPH)
Norinaga Yamakawakamatsu to third
Tyler Johnson to second
Pinch Hitting: RHB Andy Thomas 0-0: Swinging Strike
0-1: Hit by Pitch
Norinaga Yamakawakamatsu scores
Tyler Johnson to third
Antonio Martinez to second
Bottom of the 9th over - 2 runs, 2 hits, 0 errors, 3 left on base; Colorado 8 - Calgary 9
Tuesday, March 28th , 2023 - OOTP Baseball 23.10 Build 110